 Dungeon Crawl Stone Soup version 0.31-a0-564-g3b7de120b3 (webtiles) character file.

Game seed: 12379703894457758591

2577 ytrimaz the Grappler (level 9, -14/53 HPs)
             Began as an Octopode Shapeshifter on Aug 18, 2023.
             Was an Initiate of Ashenzari.
             Demolished by a two-headed ogre
             ... wielding a +0 giant spiked club
              (38 damage)
             ... on level 9 of the Dungeon.
             The game lasted 00:07:27 (7811 turns).

ytrimaz the Grappler (Octopode Shapeshifter)        Turns: 7811, Time: 00:07:28

Health: -14/53     AC:  1    Str: 16    XL:     9   Next: 57%
Magic:  9/9        EV: 15    Int: 11    God:    Ashenzari [......]
Gold:   435        SH:  5    Dex: 14    Spells: 8/8 levels left

rFire   . .          .
                       - Unarmed
rCold   . . .        (shield currently unavailable)
rNeg    . . .        (helmet restricted)
rPois   .            i - amulet of Ashenzari's Paranoia {Reflect SH+5, Self, Fort} (curse)
rElec   .            (no ring)
rCorr   .            (no ring)
SInv    .            (no ring)
Will    .....        (no ring)
Stlth   +            (no ring)
HPRegen 0.28/turn    (no ring)
MPRegen 0.11/turn    (no ring)
                     (no ring)

%: reflection
@: flux-form, glowing
A: glow, contaminating, almost no armour, amphibious, 8 rings, camouflage 1,
gelatinous body 1, (nimble swimmer 1), tentacles
a: Begin Untransformation, Renounce Religion, Curse Item, Shatter the Chains


You were on level 9 of the Dungeon.
You worshipped Ashenzari.
Ashenzari was noncommittal.
You were something dangerously unstable.
You visited 2 branches of the dungeon, and saw 10 of its levels.
You also visited: Sewer.

You collected 435 gold pieces.


Innate Abilities, Weirdness & Mutations

You are something dangerously unstable.
You glow with magical radiation, making you easy to see and hit.
Foes you strike become dangerously contaminated with magical radiation.
You are incapable of wielding weapons or throwing items.
You cannot wear most types of armour.
You are amphibious.
You can wear up to eight rings at the same time.
Your skin changes colour to match your surroundings (Stealth+).
Your rubbery body absorbs attacks. (AC +1, EV +1)
((You are camouflaged when in or above water. (Stealth+)))
You have tentacles for arms and can constrict up to eight enemies at once.


   Skills:
 - Level 1.0(1.2) Fighting
 + Level 4.9 Dodging
 + Level 9.5 Unarmed Combat
 + Level 7.2 Shapeshifting


You had 8 spell levels left.
You didn't know any spells.
Your spell library contained the following spells:

 Spells                   Type           Power      Damage    Failure   Level
 Apportation              Tloc           0%         N/A       34%         1
 Slow                     Hex            0%         N/A       34%         1
 Summon Small Mammal      Summ           0%         N/A       34%         1
 Cigotuvi's Dreadful Rot  Necr/Pois/Air  0%         N/A       47%         2
 Call Canine Familiar     Summ           0%         N/A       71%         3
 Confusing Touch          Hex            0%         N/A       71%         3
 Ignite Poison            Fire/Tmut/Pois 0%         N/A       71%         3
 Summon Guardian Golem    Hex/Summ       0%         N/A       71%         3
 Vampiric Draining        Necr           0%         2d6       71%         3
 Alistair's Intoxication  Tmut/Pois      0%         N/A       100%        5
 Freezing Cloud           Conj/Ice/Air   0%         6-21      100%        5

Inventory:

Jewellery
 i - the cursed amulet of Ashenzari's Paranoia (around mantle) {Reflect SH+5, Self, Fort}
   (You found it on level 2 of the Dungeon)

   [amulet of reflection]

   Reflect:   It reflects blocked missile attacks.
   SH+5:      It affects your SH (+5).
   It has a curse which improves the following skills: Introspection: Fighting
   and Spellcasting.
   Fortitude: Shields.
 r - a ring of fire
   (You found it on level 5 of the Dungeon)
Talismans
 b - a beast talisman
 c - a flux talisman (active)
Wands
 s - a wand of paralysis (16)
   (You found it on level 6 of the Dungeon)
 v - a wand of mindburst (11)
   (You took it off a centaur on level 8 of the Dungeon)
 w - a wand of flame (23)
   (You found it on level 7 of the Dungeon)
Scrolls
 e - 4 scrolls of teleportation
 f - 3 scrolls of enchant weapon
 g - 2 scrolls of amnesia
 h - 2 scrolls of noise
 j - 2 scrolls of immolation
 l - 3 scrolls of blinking
 q - 2 scrolls of silence
Potions
 a - 2 potions of lignification
 d - a potion of invisibility
 k - a potion of magic
 m - a potion of attraction
 n - 7 potions of enlightenment
 o - 2 potions of heal wounds
 p - 4 potions of curing
 t - a potion of ambrosia {unknown}
 u - a potion of mutation {unknown}
 x - a potion of brilliance

Dungeon Overview and Level Annotations

Branches:
Dungeon (9/15) Zot: 26921  Temple (1/1) D:5 Zot: 5984   Sewer (visited)
   Lair: D:8-11         Orc: D:9-12

Altars:
Ashenzari
Cheibriados
Dithmenos
Elyvilon
Fedhas
Gozag
Hepliaklqana
Kikubaaqudgha
Nemelex Xobeh
Okawaru
Qazlal
Ru
Sif Muna
Trog
Uskayaw
Vehumet
Wu Jian
Xom
Yredelemnul
Zin
The Shining One

Shops:
D:6 (

Annotations:
D:4 3 runed translucent doors, LobsterGuardian's ghost, amateur DsGl
D:6 3 runed translucent doors, hgbash's ghost, novice MfSh

#####.. #.O
...#.. #..
..... #.⌠ ...#
##. #..# ##
#..# # #..# #
##<# .
#######B##
.......O.#
.........#
...........
.............
...............
#..............
##.............
#.............


You could see a two-headed ogre (heavy contam).


Message History

Done exploring.
Done exploring.
Unknown command.
Okay, then.
Okay, then.
Okay, then.
Done exploring.
There is a stone staircase leading down here.
You climb downwards.
There is a stone staircase leading up here.
Unknown command.
There are monsters nearby!
There are monsters nearby!
There are monsters nearby!
The steam dragon breathes steam at you. The ball of steam hits you!
The kobold shouts!
You hear a shout! x3
You climb upwards.
There is a stone staircase leading down here. 😮 HP[-17]
You take 17 damage, and now have 36/53 hp.
MASSIVE DAMAGE!! (PAUSE)
There is a stone staircase leading down here. 😕 HP[+4]
You regained 4 hp, and now have 40/53 hp.
You climb downwards.
There is a stone staircase leading up here.
Unknown command.
You start resting.
A wight comes into view.
It is wielding a +2 long sword. 😕 HP[+6]
You regained 6 hp, and now have 46/53 hp.
A wight is nearby!
Unknown command. 😕 HP[+1]
A wight comes into view.
It is wielding a +2 short sword of freezing.
There is a stone staircase leading up here.
A wight comes into view. It is wielding a +3 halberd.
The wight moves out of view. 😕 HP[+1]
There is a stone staircase leading up here. 😕 HP[+1]
There is a stone staircase leading up here.
You completely miss the wight. Your grab misses the wight.
Your tentacle-slap misses the wight.
The wight misses you.
You tentacle-slap the wight but do no damage.
Your grab misses the wight. You tentacle-slap the wight.
You squeeze the wight, but do no damage.
You block the wight's attack. 😕 HP[+1]
You tentacle-slap the wight. You grab the wight. Your squeeze misses the wight.
You constrict the wight, but do no damage.
The wight hits you with a +2 short sword of freezing.
The wight freezes you. 😕 HP[-7]
You take 7 damage, and now have 43/53 hp.
You tentacle-slap the wight.
You constrict the wight, but do no damage.
The wight hits you with a +2 short sword of freezing.
The wight freezes you.
You are too injured to fight recklessly! 😮 HP[-6]
You take 6 damage, and now have 37/53 hp.
You tentacle-slap the wight.
You destroy the wight!
Unknown command.
There is a stone staircase leading up here.
Things that are here:
a +2 short sword of freezing; a +0 robe; 😮 HP[+1]
You begin transforming.
You continue transforming. x3
Your transformation has ended.
You turn into something dangerously unstable. 😮 HP[+1] Unknown command.
A two-headed ogre is nearby!
A two-headed ogre is nearby! 😕 HP[+4]
You regained 4 hp, and now have 43/53 hp.
A two-headed ogre is nearby!
The two-headed ogre shouts in stereo!
You hear a croak.
There is a stone staircase leading up here.
Things that are here:
a +2 short sword of freezing; a +0 robe 😕 HP[+1]
There is a stone staircase leading up here.
Things that are here:
a +2 short sword of freezing; a +0 robe You bludgeon the two-headed ogre!
The two-headed ogre begins to glow.
You squeeze the two-headed ogre.
The two-headed ogre hits you with a +0 giant spiked club!!
* * * LOW HITPOINT WARNING * * *
You block the two-headed ogre's attack. 😨 HP[-21]
You take 21 damage, and now have 23/53 hp.
MASSIVE DAMAGE!! (PAUSE)
You bludgeon the two-headed ogre!
The two-headed ogre glows dangerously bright.
The two-headed ogre hits you with a +0 giant spiked club!!!
Ouch! That really hurt!
You die...

Skill      XL: |  1  2  3  4  5  6  7  8  9 |
---------------+----------------------------+-----
Unarmed Combat | 4 5 6 8 9 |  9.5
Shapeshifting  | 4 5 6 7 |  7.2
Dodging        | 4 |  4.9
Fighting       | |  1.0

Action                     |  1- 3 |  4- 6 |  7- 9 || total
---------------------------+-------+-------+-------++-------
  Melee: Unarmed           |    59 |   100 |   214 ||   373
         Constrict         |    15 |    27 |    43 ||    85
         Tentacles         |    10 |    19 |    46 ||    75
         Punch             |     1 |     2 |    14 ||    17
 Invoke: Curse Item        |       |       |     1 ||     1
    Use: Potion            |     2 |     1 |     3 ||     6
         Scroll            |       |     6 |    11 ||    17
   Stab: Sleeping          |     8 |    12 |    14 ||    34
 Armour: Skin              |     4 |     3 |    11 ||    18
  Dodge: Dodged            |    42 |    35 |    84 ||   161
  Block: Other             |       |    19 |    40 ||    59
         Reflection        |       |       |     1 ||     1
   Form: Flux              |       |       |     1 ||     1

Levels and vault maps discovered:
D:1:      ldierk_walled_garden_2, layout_basic
D:2:      minmay_spotlight, layout_loops_ring, basic_altar
D:3:      minmay_inner_zag, layout_basic, amcnicky_altar_gilded,
          chequers_big_river, uniq_jessica
D:4:      layout_gridville, mainiacjoe_overflow_24_doors, gammafunk_ghost_split,
          uniq_blork_the_orc
D:5:      layout_loops_ring, minmay_temple_entry_mini_moons
D:6:      layout_loops_ring, nemelex_xobeh_ov_fountains_minmay,
          gup_sewer_entry_glass, serial_shops, nicolae_shop_behind_doors,
          biasface_ghost_orc_armoury
D:7:      layout_basic, mainiacjoe_overflow_six_doors_small,
          mainiacjoe_overflow_surrounded_room
D:8:      layout_rooms
D:9:      layout_layer_cave, kennysheep_mini_moat,
          grunt_lair_entry_orc_guard_hut, grunt_ministairs_2,
          nicolae_shop_clearance
Temple:   nicolae_temple_x_marks_the_god

Notes
Turn   | Place    | Note
-------+----------+-------------------------------------------
     0 | D:1      | ytrimaz the Octopode Shapeshifter began the quest for the
                  | Orb.
     0 | D:1      | Reached XP level 1. HP: 13/13 MP: 1/1
     0 | D:1      | magus.rc [v1.9.6]
   110 | D:1      | Reached XP level 2. HP: 18/18 MP: 2/2
   312 | D:1      | HP: 3/18 [jackal (3)]
   313 | D:1      | Reached XP level 3. HP: 4/23 MP: 3/3
   688 | D:2      | Found a radiant altar of Vehumet.
   836 | D:2      | Reached XP level 4. HP: 28/28 MP: 4/4
   851 | D:2      | Reached skill level 4 in Unarmed Combat
  1403 | D:3      | Found a white marble altar of Elyvilon.
  1944 | D:3      | Reached skill level 4 in Shapeshifting
  2043 | D:3      | Identified the +6 plate armour of the Slightly Bent {rN+
                  | Stlth+}
  2144 | D:3      | Noticed Jessica
  2151 | D:3      | Killed Jessica
  2152 | D:3      | Reached XP level 5. HP: 27/33 MP: 5/5
  2597 | D:4      | Noticed an ogre
  2608 | D:4      | Killed an ogre
  2609 | D:4      | Reached skill level 5 in Unarmed Combat
  2609 | D:4      | Reached XP level 6. HP: 38/38 MP: 6/6
  2664 | D:4      | Found a runed translucent gate.
  2665 | D:4      | Found a runed translucent gate.
  2666 | D:4      | Found a runed translucent gate.
  2667 | D:4      | Noticed LobsterGuardian's ghost (amateur DsGl)
  2830 | D:4      | Found an ornate altar of the Wu Jian Council.
  2891 | D:4      | Noticed Blork the orc
  2897 | D:4      | Killed Blork the orc
  2965 | D:4      | Reached skill level 5 in Shapeshifting
  3555 | D:5      | Entered Level 5 of the Dungeon
  3601 | D:5      | Noticed a water moccasin
  3614 | D:5      | Reached XP level 7. HP: 19/43 MP: 7/7
  3759 | D:5      | Reached skill level 6 in Unarmed Combat
  3980 | D:5      | You pick up a book of Party Tricks and begin reading...
  3980 | D:5      | You add the spells Apportation and Alistair's Intoxication
                  | to your library.
  4155 | D:5      | Found a staircase to the Ecumenical Temple.
  4162 | Temple   | Entered the Ecumenical Temple
  4172 | Temple   | Became a worshipper of Ashenzari the Shackled
  4492 | D:5      | Reached skill level 6 in Shapeshifting
  4492 | D:5      | Reached XP level 8. HP: 28/48 MP: 8/8
  4760 | D:5      | Reached skill level 7 in Unarmed Combat
  4835 | D:6      | Found a sparkling altar of Nemelex Xobeh.
  4854 | D:6      | Found Odghyopp's Antique Weapon Boutique.
  5191 | D:6      | Found a runed translucent gate.
  5191 | D:6      | Found a runed translucent gate.
  5193 | D:6      | Noticed hgbash's ghost (novice MfSh)
  5195 | D:6      | Found a runed translucent gate.
  5195 | D:6      | Identified the +0 chain mail of Courage {Harm Dex-2 Slay+3}
  5227 | D:6      | Found a glowing drain.
  5293 | Sewer    | Entered a sewer
  5855 | D:6      | You add the spells Cigotuvi's Dreadful Rot, Ignite Poison
                  | and Freezing Cloud to your library.
  6017 | D:6      | Reached skill level 8 in Unarmed Combat
  6253 | D:6      | You pick up a book of Debilitation and begin reading...
  6253 | D:6      | You add the spells Slow, Vampiric Draining and Confusing
                  | Touch to your library.
  6346 | D:7      | Reached skill level 7 in Shapeshifting
  6435 | D:7      | Found a radiant altar of Vehumet.
  6564 | D:7      | Reached XP level 9. HP: 37/53 MP: 9/9
  6638 | D:7      | Found a stormy altar of Qazlal.
  6745 | D:7      | Reached skill level 3 in Dodging
  7128 | D:8      | Reached skill level 9 in Unarmed Combat
  7149 | D:8      | You pick up a book of Callings and begin reading...
  7149 | D:8      | You add the spells Summon Small Mammal, Call Canine
                  | Familiar and Summon Guardian Golem to your library.
  7282 | D:8      | Reached skill level 4 in Dodging
  7283 | D:8      | HP: 13/53 [orc/+0 dagger (4)]
  7628 | D:8      | HP: 8/53 [steam dragon/ball of steam (17)]
  7629 | D:8      | HP: 2/53 [steam dragon] (6)]
  7732 | D:9      | Noticed a two-headed ogre
  7811 | D:9      | Demolished by a two-headed ogre

Vanquished Creatures
  2 steam dragons
  A water moccasin (D:5)
  An ice beast (D:7)
  An orc warrior (D:6)
  2 black bears
  A sky beast (D:7)
  An ogre (D:4)
  2 centaurs (D:8)
  2 phantoms
  Blork the orc (D:4)
  A bullfrog (D:8)
  3 scorpions
  4 wights
  4 hounds
  2 jellies
  2 orc priests
  A sleepcap (D:5)
  Jessica (D:3)
  3 iguanas (D:4)
  5 orc wizards
  7 gnolls (D:5)
  11 adders
  4 river rats (Sewer)
  A shadow imp (D:6)
  A white imp (D:7)
  3 ufetubi
  2 worms
  A dart slug (D:2)
  13 orcs
  13 ball pythons
  9 endoplasms
  8 giant cockroaches
  9 goblins
  4 hobgoblins
  7 jackals
  2 quokkas (D:1)
  7 bats
  9 frilled lizards
  5 kobolds
  19 rats
175 creatures vanquished.

Table legend:
 A = Non-vault XP
 B = Vault XP
 C = Vault XP percentage of total XP
 D = Non-vault monster count
 E = Vault monster count
 F = Vault count percentage of total count
                 A         B        C        D         E       F
            +---------+---------+-------+---------+---------+-------
      Total |    3378 |     304 |   8.3 |     131 |      44 |  25.1
            +---------+---------+-------+---------+---------+-------
        D:1 |      45 |       0 |   0.0 |      30 |       0 |   0.0
        D:2 |      65 |       9 |  12.2 |      16 |       5 |  23.8
        D:3 |      33 |      50 |  60.2 |      11 |       9 |  45.0
        D:4 |     304 |     100 |  24.8 |      16 |       1 |   5.9
        D:5 |     670 |       0 |   0.0 |      24 |       0 |   0.0
        D:6 |     600 |      34 |   5.4 |      12 |       6 |  33.3
        D:7 |     814 |       0 |   0.0 |      10 |       0 |   0.0
        D:8 |     773 |       0 |   0.0 |      11 |       0 |   0.0
        D:9 |      74 |       0 |   0.0 |       1 |       0 |   0.0
      Sewer |       0 |     111 | 100.0 |       0 |      23 | 100.0
            +---------+---------+-------+---------+---------+-------

Skill      XL: |  1  2  3  4  5  6  7  8  9 |
---------------+----------------------------+-----
Unarmed Combat | 4 5 6 8 9 |  9.5
Shapeshifting  | 4 5 6 7 |  7.2
Dodging        | 4 |  4.9
Fighting       | |  1.0

Action                     |  1- 3 |  4- 6 |  7- 9 || total
---------------------------+-------+-------+-------++-------
  Melee: Unarmed           |    59 |   100 |   214 ||   373
         Constrict         |    15 |    27 |    43 ||    85
         Tentacles         |    10 |    19 |    46 ||    75
         Punch             |     1 |     2 |    14 ||    17
 Invoke: Curse Item        |       |       |     1 ||     1
    Use: Potion            |     2 |     1 |     3 ||     6
         Scroll            |       |     6 |    11 ||    17
   Stab: Sleeping          |     8 |    12 |    14 ||    34
 Armour: Skin              |     4 |     3 |    11 ||    18
  Dodge: Dodged            |    42 |    35 |    84 ||   161
  Block: Other             |       |    19 |    40 ||    59
         Reflection        |       |       |     1 ||     1
   Form: Flux              |       |       |     1 ||     1

Illustrated notes

Table legend:
 A = Kills in this place as a percentage of kills in the entire game.
 B = Kills by you in this place as a percentage of kills by you in the entire game.
 C = Kills by friends in this place as a percentage of kills by friends in the entire game.
 D = Other kills in this place as a percentage of other kills in the entire game.
 E = Experience gained in this place as a percentage of experience gained in the entire game.
 F = Experience gained in this place divided by the number of levels of this place that you have seen.
                   A       B       C       D       E      F
               +-------+-------+-------+-------+-------+----------------------
         Total | 100.0 | 100.0 |   N/A |   N/A | 100.0 | 334.7
       Dungeon |  86.9 |  86.9 |   N/A |   N/A |  97.0 | 396.8
         Sewer |  13.1 |  13.1 |   N/A |   N/A |   3.0 | 111.0
               +-------+-------+-------+-------+-------+----------------------

Table legend: (Time is in decaauts)
 A = Elapsed time spent in this place.
 B = Non-inter-level travel time spent in this place.
 C = Inter-level travel time spent in this place.
 D = Time resting spent in this place.
 E = Time spent auto-exploring this place.
 F = Levels seen in this place.
 G = Mean time per level.
                   A        B        C        D        E       F      G
               +--------+--------+--------+--------+--------+-----+--------+
         Total |   7767 |   7470 |    297 |    261 |   5800 |  11 |  706.1 |
       Dungeon |   7233 |   6941 |    292 |    261 |   5422 |   9 |  803.7 |
        Temple |     15 |     10 |      5 |      0 |      0 |   1 |   15.0 |
         Sewer |    519 |    519 |      0 |      0 |    378 |   1 |  519.0 |
               +--------+--------+--------+--------+--------+-----+--------+

Top non-repeatable levels by time:
     D:5: 1258 daAuts
     D:3: 1119 daAuts
     D:4: 1089 daAuts
     D:6: 971 daAuts
     D:7: 771 daAuts
     D:2: 732 daAuts
     D:8: 625 daAuts
     D:1: 600 daAuts
   Sewer: 519 daAuts
     D:9: 63 daAuts
  Temple: 15 daAuts
